 Dungeon Crawl Stone Soup version 0.30-a0-377-g5cb311bc9f (webtiles) character file.

Game seed: 8518361132936577524

4083 qeuew the Blocker (level 10, -1/86 HPs)
             Began as a Formicid Fighter on Nov 28, 2022.
             Was an Elder of Wu Jian.
             Slain by a two-headed ogre
             ... wielding a +0 giant spiked club
              (9 damage)
             ... on level 9 of the Dungeon.
             The game lasted 00:12:57 (6325 turns).

qeuew the Blocker (Formicid Fighter)                Turns: 6325, Time: 00:12:57

Health: -1/86      AC:  9    Str: 21    XL:     10   Next: 50%
Magic:  10/10      EV: 20    Int:  8    God:    Wu Jian [****..]
Gold:   387        SH:  7    Dex: 17    Spells: 9/9 levels left

rFire   . . .      SeeInvis +    a - +1 war axe
rCold   . . .      Faith    .    c - +0 buckler
rNeg    . . .      Spirit   .    b - +1 scale mail
rPois   .          Reflect  .    (helmet unavailable)
rElec   .          Harm     .    i - scarf {repulsion}
rCorr   .          Rampage  .    (no gloves)
Will    +....                    (no boots)
Stlth   ..........               g - amulet of regeneration
HPRegen 1.14/turn                p - +4 ring of evasion
MPRegen 0.12/turn                r - +4 ring of evasion

@: repel missiles
A: permanent stasis, dig shafts and tunnels, antennae 3, four strong arms,
robust 1
a: Dig, Shaft Self, Renounce Religion, Wall Jump, Serpent's Lash


You were on level 9 of the Dungeon.
You worshipped Wu Jian.
Wu Jian was greatly pleased with you.
You visited 1 branch of the dungeon, and saw 10 of its levels.
You also visited: Ossuary.

You collected 484 gold pieces.
You spent 97 gold pieces at shops.

Inventory:

Hand Weapons
 a - a +1 war axe (weapon)
Armour
 b - a +1 scale mail (worn)
 c - a +0 buckler (worn)
 i - a scarf of repulsion (worn)
Jewellery
 g - an amulet of regeneration (around neck)
 p - a +4 ring of evasion (left hand)
 q - a ring of flight
 r - a +4 ring of evasion (right hand)
Wands
 f - a wand of roots (7)
 h - a wand of charming (4)
 l - a wand of flame (33)
Scrolls
 k - a scroll of amnesia
 m - a scroll of summoning {unknown}
 n - a scroll of enchant weapon
Potions
 d - a potion of degeneration {unknown}
 e - a potion of magic
 j - 3 potions of mutation
 o - a potion of brilliance


   Skills:
 + Level 7.5 Fighting
 + Level 6.5 Axes
 + Level 7.6 Armour
 + Level 5.4 Dodging
 + Level 9.1 Shields
 + Level 4.5 Evocations


You had 9 spell levels left.
You didn't know any spells.
Your spell library contained the following spells:

 Spells                   Type           Power      Damage    Failure   Level
 Beastly Appendage        Tmut           0%         N/A       77%         1
 Slow                     Hex            0%         N/A       77%         1
 Ensorcelled Hibernation  Hex/Ice        0%         N/A       88%         2
 Wereblood                Tmut           0%         N/A       88%         2
 Confusing Touch          Hex            0%         N/A       98%         3
 Frozen Ramparts          Ice            0%         1d1       98%         3
 Spider Form              Tmut/Pois      0%         N/A       98%         3
 Vampiric Draining        Necr           0%         2d6       98%         3
 Anguish                  Hex/Necr       0%         N/A       100%        4
 Animate Dead             Necr           0%         N/A       100%        4
 Ice Form                 Ice/Tmut       0%         N/A       100%        4
 Summon Ice Beast         Ice/Summ       0%         N/A       100%        4
 Borgnjor's Vile Clutch   Necr/Erth      0%         N/A       100%        5
 Death Channel            Necr           0%         N/A       100%        6


Dungeon Overview and Level Annotations

Branches:
Dungeon (10/15)            Temple (0/1) D:4         Ossuary (visited)
   Lair: D:8-11         Orc: D:9-12

Altars:
Wu Jian

Shops:
D:4 *?   D:5 !


Innate Abilities, Weirdness & Mutations

You cannot be hasted, slowed, berserked, paralysed or teleported.
You can dig through walls and to a lower floor.
You have a pair of large antennae on your head. (SInv)
Your four strong arms can wield two-handed weapons with a shield.
You are robust. (+10% HP)


Message History

The two-headed ogre hits you with a +0 giant spiked club!
The two-headed ogre closely misses you.
r - a +4 ring of evasion You're wearing all the rings you can.
Remove which one? (? for menu, Esc to cancel) < or
p - a +4 ring of evasion; > or
q - a ring of flight You remove your ring of flight.
You float gracefully downwards.
The two-headed ogre hits you with a +0 giant spiked club!
The two-headed ogre barely misses you.
r - a +4 ring of evasion (right hand) Unknown command.
Aiming: Wall Jump
Press: ? - help, Dir - move target You attack the two-headed ogre from above.
You completely miss the two-headed ogre.
The two-headed ogre is lightly wounded.
The two-headed ogre misses you.
The two-headed ogre completely misses you.
Found a scale mail.
You spin and attack the two-headed ogre.
You barely miss the two-headed ogre.
The two-headed ogre is lightly wounded.
The two-headed ogre completely misses you.
The two-headed ogre hits you with a +0 giant club!!
* * * LOW HITPOINT WARNING * * *
The two-headed ogre attacks as you move away!
The two-headed ogre completely misses you. x2
Aiming: Wall Jump
Press: ? - help, Dir - move target You spin and attack the two-headed ogre.
You hit the two-headed ogre.
The two-headed ogre is moderately wounded.
You block the two-headed ogre's attack.
The two-headed ogre hits you with a +0 giant club!
* * * LOW HITPOINT WARNING * * *
Unknown command.
The two-headed ogre attacks as you move away!
You block the two-headed ogre's attack.
The two-headed ogre hits you with a +0 giant club!
You die...

. ## .##. ...# #..##.#
##....# #....# ##..# .#
#....###...#..
#......#O#.#.# #.
#......#@#.#.# #..
#......#.#...# #...
#....##.##...#
#...###....##.#..#..#
#.......<.......###[...
#..........##.#..#
.#.#.
###.......##.##...####
.##.........###. ...#
............# .#.#.#


You could see a two-headed ogre.

Vanquished Creatures
  Pikel (D:7)
  Sigmund (D:3)
  Eustachio (D:4)
  A steam dragon (D:7)
  Menkaure (D:7)
  A water moccasin (D:8)
  An orc warrior (D:8)
  A sky beast (D:6)
  5 ice beasts
  A black bear (D:7)
  A centaur (D:7)
  2 ogres (D:5)
  A lemure (D:7)
  Blork the orc (D:4)
  A bullfrog (D:7)
  3 elf zombies (Ossuary)
  2 scorpions
  5 wights (D:6)
  6 killer bees
  5 howler monkeys
  4 jellies
  Crazy Yiuf (D:7)
  4 hounds
  2 human zombies (Ossuary)
  Jessica (D:3)
  Ijyb (D:4)
  3 iguanas
  5 orc wizards
  3 hound zombies (Ossuary)
  3 mummies (Ossuary)
  3 adders
  A white imp (D:6)
  An ufetubus (D:6)
  4 adder zombies (Ossuary)
  3 worms
  3 dart slugs
  23 orcs
  2 bats
  6 endoplasms
  4 giant cockroaches
  A gnoll zombie (Ossuary)
  3 goblins
  5 hobgoblins
  2 quokkas
  9 ball pythons
  4 frilled lizards
  6 goblin zombies
  4 hobgoblin zombies (Ossuary)
  4 jackal zombies
  5 kobolds
  A kobold zombie (Ossuary)
  An orc zombie (Ossuary)
  3 quokka zombies (Ossuary)
  4 rats
  4 rat zombies (Ossuary)
174 creatures vanquished.

Vanquished Creatures (others)
  19 fungi (D:10)
  27 plants (D:10)
46 creatures vanquished.

Grand Total: 220 creatures vanquished

Notes
Turn   | Place    | Note
-------+----------+-------------------------------------------
     0 | D:1      | qeuew the Formicid Fighter began the quest for the Orb.
     0 | D:1      | Reached XP level 1. HP: 18/18 MP: 1/1
    91 | D:1      | Reached XP level 2. HP: 18/24 MP: 2/2
   241 | D:1      | Found a faded altar of an unknown god.
   250 | D:1      | Prayed at the altar of an unknown god.
   250 | D:1      | Became a worshipper of the Wu Jian Council
   250 | D:1      | Reached * piety under Wu Jian
   400 | D:1      | Reached XP level 3. HP: 29/29 MP: 3/3
  1344 | D:2      | Reached skill level 1 in Dodging
  1344 | D:2      | Reached XP level 4. HP: 22/37 MP: 4/4
  1612 | D:3      | Noticed Sigmund
  1625 | D:3      | Killed Sigmund
  1626 | D:3      | Reached skill level 5 in Shields
  1626 | D:3      | Reached XP level 5. HP: 34/42 MP: 5/5
  1626 | D:3      | Reached XP level 6. HP: 39/48 MP: 6/6
  1650 | D:3      | Identified the +4 long sword "Poecle" {vamp, Str+5}
  1675 | D:3      | Noticed Jessica
  1677 | D:3      | Killed Jessica
  1697 | D:3      | Reached ** piety under Wu Jian
  2253 | D:3      | Gained mutation: You are robust. (+10% HP) [potion of
                  | mutation]
  2272 | D:4      | Found Dacuirr's Magic Scroll Shoppe.
  2307 | D:4      | Bought a scroll of magic mapping for 97 gold pieces
  2312 | D:4      | Noticed Ijyb
  2320 | D:4      | Killed Ijyb
  2343 | D:4      | Found a staircase to the Ecumenical Temple.
  2343 | D:4      | Noticed Eustachio
  2375 | D:4      | Killed Eustachio
  2376 | D:4      | Reached XP level 7. HP: 46/60 MP: 7/7
  2389 | D:4      | Found a sand-covered staircase.
  2407 | Ossuary  | Entered an ossuary
  2445 | Ossuary  | Reached skill level 5 in Armour
  2445 | Ossuary  | Reached skill level 6 in Shields
  2476 | Ossuary  | Reached skill level 5 in Fighting
  2497 | Ossuary  | Reached *** piety under Wu Jian
  2520 | Ossuary  | Reached XP level 8. HP: 68/68 MP: 8/8
  2742 | D:4      | Found Vesumme's Assorted Antiques.
  2880 | D:4      | Noticed Blork the orc
  2901 | D:4      | Killed Blork the orc
  3357 | D:5      | Entered Level 5 of the Dungeon
  3520 | D:5      | Reached skill level 7 in Shields
  3660 | D:5      | Reached skill level 5 in Axes
  3765 | D:5      | Found Milysuti's Distillery.
  3885 | D:6      | Reached skill level 1 in Evocations
  3885 | D:6      | Reached XP level 9. HP: 65/75 MP: 9/9
  4015 | D:6      | Reached **** piety under Wu Jian
  4701 | D:6      | Reached skill level 8 in Shields
  5119 | D:7      | Identified the +4 ring mail of Fuemiar {rN+ Str-2 Int+5}
  5173 | D:7      | Reached XP level 10. HP: 84/84 MP: 10/10
  5175 | D:7      | Noticed Menkaure
  5249 | D:7      | Killed Menkaure
  5250 | D:7      | Reached skill level 5 in Dodging
  5390 | D:7      | Noticed Pikel
  5425 | D:7      | Killed Pikel
  5608 | D:7      | Reached skill level 9 in Shields
  5720 | D:7      | Found a runed translucent door.
  5721 | D:7      | Noticed Crazy Yiuf
  5779 | D:7      | Killed Crazy Yiuf
  6075 | D:8      | HP: 2/86 [killer bee (8)]
  6078 | D:8      | You are sucked into a shaft and drop 2 floors!
  6078 | D:10     | Entered Level 10 of the Dungeon
  6288 | D:9      | Noticed a two-headed ogre
  6325 | D:9      | Slain by a two-headed ogre

Illustrated notes

Levels and vault maps discovered:
D:1:      minmay_arrival_plants_in_alcoves, layout_basic,
          nicolae_ecumenical_snake_handling, dreamdust_wishing_well,
          hangedman_decor_lopped, amethyst_killhole,
          chequers_serial_rivers_room_b
D:2:      layout_loops_corners, nicolae_eternal_life, minmay_pentomino_o2
D:3:      layout_basic, uniq_jessica, uniq_sigmund
D:4:      layout_loops_ring, minmay_temple_entry_large_hall, serial_shops,
          nicolae_shop_statue_plus, nicolae_stop_n_shop_2, enter_ossuary_3,
          minmay_misc_feat_rugged, hangedman_decor_riveting, uniq_blork_the_orc,
          uniq_ijyb, uniq_eustachio
D:5:      layout_basic, serial_shops, nicolae_shop_statue_plus,
          minmay_crystal_water
D:6:      layout_basic
D:7:      layout_basic, uniq_pikel, uniq_menkaure, uniq_crazy_yiuf_cottage
D:8:      layout_loops_ring, mainiacjoe_overflow_paths,
          kennysheep_okawaru_gauntlet, mrwooster_statue_mirror
D:9:      wad_crossroads, layout_basic, minmay_sticks_and_stones, uniq_erica
D:10:     layout_basic, due_lair_maze_entry_diamond, chequers_decorated_corner,
          uniq_maurice, uniq_harold

Skill      XL: |  1  2  3  4  5  6  7  8  9 10 |
---------------+-------------------------------+-----
Dodging        | 1 2 3 4 5 |  5.4
Fighting       | 4 5 6 7 |  7.5
Axes           | 3 4 5 6 |  6.5
Armour         | 4 5 6 7 |  7.6
Shields        | 5 6 7 8 9 |  9.1
Evocations     | 1 3 4 |  4.5

Action                   |  1- 3 |  4- 6 |  7- 9 | 10-12 || total
-------------------------+-------+-------+-------+-------++-------
Melee: War axe           |    68 |    92 |   372 |   137 ||   669
Invok: Lunge             |     2 |    12 |    15 |     4 ||    33
       Whirlwind         |     2 |     2 |     1 |    10 ||    15
       Serpent's Lash    |       |       |     1 |     1 ||     2
 Abil: Dig               |       |       |     1 |       ||     1
       Wall Jump         |       |       |     2 |     9 ||    11
       Shaft Self        |       |       |       |     1 ||     1
Evoke: Wand              |       |       |       |     5 ||     5
  Use: Potion            |     3 |     3 |     1 |     4 ||    11
       Scroll            |     1 |     6 |     5 |       ||    12
Armor: Scale mail        |    27 |    54 |   119 |    51 ||   251
Dodge: Dodged            |    28 |    57 |   180 |   167 ||   432
       Repelled          |       |       |     3 |       ||     3
Block: Buckler           |    28 |    28 |   114 |    57 ||   227

Table legend: (Time is in decaauts)
 A = Elapsed time spent in this place.
 B = Non-inter-level travel time spent in this place.
 C = Inter-level travel time spent in this place.
 D = Time resting spent in this place.
 E = Time spent auto-exploring this place.
 F = Levels seen in this place.
 G = Mean time per level.
                   A        B        C        D        E       F      G
               +--------+--------+--------+--------+--------+-----+--------+
         Total |   6517 |   6326 |    191 |    195 |   4573 |  11 |  592.5 |
       Dungeon |   6160 |   5969 |    191 |    195 |   4436 |  10 |  616.0 |
       Ossuary |    357 |    357 |      0 |      0 |    137 |   1 |  357.0 |
               +--------+--------+--------+--------+--------+-----+--------+

Top non-repeatable levels by time:
     D:6: 1128 daAuts
     D:7: 844 daAuts
     D:2: 828 daAuts
     D:4: 791 daAuts
     D:1: 775 daAuts
     D:3: 716 daAuts
     D:5: 533 daAuts
 Ossuary: 357 daAuts
     D:8: 293 daAuts
     D:9: 176 daAuts
    D:10: 72 daAuts
